 Dungeon Crawl Stone Soup version 0.22-a0-231-g1b571ea (webtiles) character file.

155 Serpenta the Firebug (level 5, -4/28 HPs)
             Began as a Kobold Fire Elementalist on Feb 20, 2018.
             Engulfed by a cloud of steam (7 damage)
             ... on level 4 of the Dungeon.
             The game lasted 00:09:16 (3415 turns).

Serpenta the Firebug (Kobold Fire Elementalist)     Turns: 3415, Time: 00:09:17

Health: -4/28      AC:  3    Str:  6    XL:     5   Next: 63%
Magic:  6/9        EV: 15    Int: 17    God:
Gold:   35         SH:  0    Dex: 15    Spells: 1/9 levels left

rFire    . . .     SeeInvis .   p - +0 spear
rCold    + . .     Gourm    .   (shield restricted)
rNeg     . . .     Faith    .   a - +0 robe
rPois    .         Spirit   .   n - +0 helmet
rElec    .         Reflect  .   (no cloak)
rCorr    .         Harm     .   (no gloves)
MR       .....                  (no boots)
Stlth    ++........             (no amulet)
HPRegen  0.09/turn              m - ring of protection from cold
MPRegen  0.11/turn              t - ring of stealth

@: very slow
A: small, carnivore
a: no special abilities


You were on level 4 of the Dungeon.
You were completely stuffed.

You visited 1 branch of the dungeon, and saw 4 of its levels.

You collected 191 gold pieces.
You spent 156 gold pieces at shops.


Innate Abilities, Weirdness & Mutations

You are small and have problems with some larger weapons.
You are carnivorous and can eat meat at any time.


   Skills:
 - Level 2.4 Dodging
 - Level 2.6 Stealth
 - Level 2.7 Spellcasting
 * Level 3.9 Conjurations
 + Level 4.0 Fire Magic


You had one spell level left.
You knew the following spells:

 Your Spells              Type           Power        Failure   Level  Hunger
A - Flame Tongue          Conj/Fire      ###..        3%          1    #......
B - Conjure Flame         Conj/Fire      ###.....     11%         3    ###....
C - Sticky Flame          Conj/Fire      ###.....     34%         4    #####..

Action                   |  1- 3 |  4- 6 || total
-------------------------+-------+-------++-------
Melee: Club              |     3 |       ||     3
       Whip              |    23 |       ||    23
       Spear             |       |     6 ||     6
 Cast: Flame Tongue      |    53 |    54 ||   107
  Use: Scroll            |     1 |     5 ||     6
  Eat: Chunk             |    12 |     5 ||    17
Armor: Robe              |     6 |     3 ||     9
Dodge: Dodged            |    39 |    23 ||    62

Inventory:

Hand Weapons
 p - a +0 spear (weapon)
Armour
 a - a +0 robe (worn)
 n - a +0 helmet (worn)
Jewellery
 m - a ring of protection from cold (left hand)
 t - a ring of stealth (right hand)
Wands
 l - a wand of polymorph (15)
Scrolls
 c - 5 scrolls of identify
 d - 2 scrolls of magic mapping
 e - 2 scrolls of remove curse
 h - 2 scrolls of teleportation
 i - a scroll of noise {unknown}
 j - a scroll of enchant armour {unknown}
 o - a scroll of fear {unknown}
Potions
 g - a potion of mutation
 k - 2 potions of heal wounds
 q - a potion of ambrosia
 r - a potion of might
 s - a potion of curing {unknown}
Comestibles
 b - 6 rations
 f - 9 chunks of flesh {@w1}

......# #.##............#
......#.#.##............#
.....#.#..'............#
...W#.####............#
...#.# #............#
#+##.# #............#
#.##.# #............#
#.##.#####'###########
#.#..........§l@≈≈##
#.####.####≈§≈§§≈≈≈###
#.# #.# ###≈≈≈≈≈≈≈≈# #.#
#l# ###≈###### ##.####.#
### ...#....#####


KKK ...#l.......###...# ..............##### #.############# You could see a big
kobold, an iguana and 2 kobolds.

Vanquished Creatures
  An orc wizard (D:4)
  An iguana (D:4)
  An adder (D:3)
  An ooze (D:3)
  2 worms
  3 dart slugs
  2 leopard geckos
  7 orcs
  7 bats
  4 giant cockroaches
  9 goblins
  4 hobgoblins
  3 jackals (D:1)
  4 quokkas
  5 frilled lizards
  9 kobolds
  2 rats (D:1)
65 creatures vanquished.

Vault maps used:
D:1:      shiori_shiawase, serial_bayou_pond_c
D:2:      bloody_trog, lemuel_doored_altar, first_ration, serial_bayou_lake_a
D:3:      nemelex_xobeh_ov_fountains_minmay, grunt_temple_overflow_open,
          st_stairs_11
D:4:      cheibrodos_thug_alley, temple_green, serial_shops,
          nicolae_shop_crystal, minmay_misc_feat_ornament,
          nemelex_lonely_heart_becter, uniq_edmund


Message History

Confirm with . or Enter, or press ? or * to list all spells.
Aiming: Flame Tongue (safe; 3% risk of failure)
Press: ? - help, Shift-Dir - straight line, f/p - iguana
Aim: an iguana The flame tongue hits the iguana.
The iguana is lightly wounded.
You are engulfed in a cloud of scalding steam.
Ouch! That really hurt!
The iguana is engulfed in a cloud of scalding steam.
The iguana bites you!
* * * LOW HITPOINT WARNING * * *
Casting: Flame Tongue (safe; 3% risk of failure)
Confirm with . or Enter, or press ? or * to list all spells.
Aiming: Flame Tongue (safe; 3% risk of failure)
Press: ? - help, Shift-Dir - straight line, f/p - iguana
Aim: an iguana (steam, heavily wounded)
The flame tongue hits the iguana.
The iguana is almost dead.
You are engulfed in a cloud of scalding steam.
You die...

Notes
Turn   | Place    | Note
-------+----------+-------------------------------------------
     0 | D:1      | Serpenta the Kobold Fire Elementalist began the quest for the Orb.
     0 | D:1      | Reached XP level 1. HP: 10/10 MP: 3/3
   119 | D:1      | You fall through a shaft!
   256 | D:1      | Reached XP level 2. HP: 15/15 MP: 1/5
   622 | D:1      | Reached XP level 3. HP: 19/19 MP: 1/6
  1223 | D:2      | Found a blossoming altar of Fedhas.
  1609 | D:2      | Found a bloodstained altar of Trog.
  1889 | D:2      | Learned a level 3 spell: Conjure Flame
  1937 | D:2      | Reached XP level 4. HP: 24/24 MP: 4/8
  1943 | D:2      | Learned a level 4 spell: Sticky Flame
  2933 | D:3      | Found an iron altar of Okawaru.
  2934 | D:3      | Found a sacrificial altar of Ru.
  2965 | D:3      | Found a sparkling altar of Nemelex Xobeh.
  3235 | D:4      | Noticed a phantom
  3257 | D:4      | Noticed a big kobold
  3259 | D:4      | Reached XP level 5. HP: 28/28 MP: 7/9
  3297 | D:4      | Reached skill level 4 in Fire Magic
  3382 | D:4      | Found Hiwidas's General Store.
  3390 | D:4      | Bought a potion of heal wounds for 60 gold pieces
  3390 | D:4      | Bought a potion of heal wounds for 60 gold pieces
  3390 | D:4      | Bought a scroll of teleportation for 36 gold pieces
  3415 | D:4      | Engulfed by a cloud of steam
